AoeStats
← Michi3052

Four Lakes

508266507Analyzed
1v1 RM · 11d ago on Sep 21, 2026· 29m 53s· 2 players
Game mode
Random Map
Map size
Tiny (2 player)
Population
200
Speed
Normal
Resources
Standard
Victory
Conquest
Starting age
Dark Age
Ending age
Imperial Age
RankedLock teamsTeams togetherTeam positionsShared explorationLock speedFull tech treeHidden civsTurbo modeCheats
Victory
Defeat
🇪🇸 Turks · Spain
685
+15
🇩🇪 Cumans · Germany
653
-15
arturo4410
14:23 Feudal Age
16:37 Wheelbarrow
16:36 Loom
18:58 Wheelbarrow
18:24 Double-Bit Axe
19:01 Horse Collar
23:18 Castle Age
22:13 Stone Mining
24:29 Bow Saw
24:22 Heavy Plow
26:05 Gold Mining
29:39 Bloodlines
29:37 Thumb Ring
30:13 Hand Cart
Michi3052
11:46 Feudal Age
12:44 Double-Bit Axe
15:17 Bloodlines
19:15 Castle Age
23:55 Imperial Age
24:16 Gold Mining
24:40 Bow Saw
24:26 Fletching
26:24 Fishing Lines
Connection lost

Rejoining the realm…

Still unreachable

The connection could not be restored.

Session expired

The server has moved on; the page needs a fresh start.